 Dungeon Crawl Stone Soup version 0.31-a0-656-gb4d89c20fa (webtiles) character file.

Game seed: 15825508790419382967

62 cforsyth the Charlatan (level 4, -12/34 HPs)
             Began as a Gnoll Artificer on Aug 31, 2023.
             Mangled by an iguana (13 damage)
             ... on level 2 of the Dungeon.
             The game lasted 00:02:35 (1452 turns).

cforsyth the Charlatan (Gnoll Artificer)            Turns: 1452, Time: 00:02:36

Health: -12/34     AC:  4    Str: 12    XL:     4   Next: 8%
Magic:  5/5        EV: 12    Int: 12    God:
Gold:   110        SH:  0    Dex: 12    Spells: 5/5 levels left

rFire   . . .        a - +0 club
rCold   . . .        (no shield)
rNeg    . . .        b - +0 leather armour
rPois   .            l - +0 helmet
rElec   .            (no cloak)
rCorr   .            (no gloves)
SInv    .            (no boots)
Will    +....        m - amulet of the acrobat
Stlth   ++           k - ring of wizardry
HPRegen 0.25/turn    g - ring of willpower
MPRegen 0.09/turn

%: acrobat, wizardry (x1)
@: no status effects
A: fangs 1, strong nose, distributed training
a: no special abilities


You were on level 2 of the Dungeon.
You visited 1 branch of the dungeon, and saw 4 of its levels.

You collected 110 gold pieces.

Inventory:

Hand Weapons
 a - a +0 club (weapon)
Armour
 b - a +0 leather armour (worn)
 l - a +0 helmet (worn)
Jewellery
 g - a ring of willpower (right hand)
 k - a ring of wizardry (left hand)
 m - an amulet of the acrobat (around neck)
Wands
 c - a wand of flame (10) (quivered)
 d - a wand of charming (15)
 e - a wand of iceblast (5)
Scrolls
 h - a scroll of summoning {unknown}
 i - a scroll of enchant weapon {unknown}
 j - 3 scrolls of identify {unknown}
 o - a scroll of blinking {unknown}
 p - a scroll of fog {unknown}
Potions
 f - a potion of magic {unknown}
 n - a potion of degeneration {unknown}
 q - a potion of haste {unknown}


   Skills:
 + Level 2.7 Fighting
 + Level 1.0 Short Blades
 + Level 1.0 Long Blades
 + Level 1.0 Axes
 + Level 1.0 Maces & Flails
 + Level 1.0 Polearms
 + Level 1.0 Staves
 + Level 1.0 Ranged Weapons
 + Level 1.0 Throwing
 + Level 4.6 Armour
 + Level 2.7 Dodging
 + Level 2.5 Stealth
 + Level 1.0 Shields
 + Level 1.0 Unarmed Combat
 + Level 1.0 Spellcasting
 + Level 0.8 Conjurations
 + Level 0.8 Hexes
 + Level 0.8 Summonings
 + Level 0.8 Necromancy
 + Level 0.8 Translocations
 + Level 0.8 Transmutations
 + Level 0.8 Fire Magic
 + Level 0.8 Ice Magic
 + Level 0.8 Air Magic
 + Level 0.8 Earth Magic
 + Level 0.8 Poison Magic
 + Level 1.1 Invocations
 + Level 6.6 Evocations
 + Level 1.0 Shapeshifting


You had 5 spell levels left.
You didn't know any spells.
Your spell library contained the following spells:

 Spells                   Type           Power      Damage    Failure   Level
 Scorch                   Fire           4%         2d5       16%         2
 Flame Wave               Conj/Fire      2%         2d4       69%         4
 Summon Cactus Giant      Summ           1%         N/A       100%        6


Dungeon Overview and Level Annotations

Branches:
Dungeon (4/15)
 Temple: D:4-7

Altars:


Innate Abilities, Weirdness & Mutations

You have very sharp teeth.
Your uncanny sense of smell can sniff out nearby items.
Your experience applies equally to all skills.


Message History

The iguana barely misses you.
You barely miss the iguana. You bite the iguana, but do no damage.
The iguana barely misses you.
You closely miss the iguana. The iguana misses you.
You hit the iguana but do no damage. The iguana barely misses you.
You hit the iguana.
The iguana is lightly wounded.
The iguana misses you. The iguana bites you.
You closely miss the iguana. The iguana bites you!
You hit the iguana but do no damage.
The iguana bites you but does no damage.
You hit the iguana but do no damage. You punch the iguana, but do no damage.
You bite the iguana, but do no damage. The iguana bites you.
You hit the iguana.
The iguana is lightly wounded.
The iguana bites you!
* * * LOW HITPOINT WARNING * * *
You are too injured to fight recklessly!
You are too injured to fight recklessly!
You are too injured to fight recklessly!
You are too injured to fight recklessly!
You are too injured to fight recklessly!
Aiming: Throw Flame
Press: ? - help, Shift-Dir - straight line, f - iguana
Aim: an iguana (lightly wounded, 77% to hit)
The puff of flame hits the iguana but does no damage.
The iguana is lightly wounded.
The iguana misses you.
Aiming: Throw Flame
Press: ? - help, Shift-Dir - straight line, f/p - iguana
Aim: an iguana (lightly wounded, 77% to hit)
The puff of flame hits the iguana!
The iguana is heavily wounded.
The iguana bites you!
* * * LOW HITPOINT WARNING * * *
Aiming: Throw Flame
Press: ? - help, Shift-Dir - straight line, f/p - iguana
Aim: an iguana (heavily wounded, 77% to hit)
The puff of flame misses the iguana.
The iguana bites you!
You die...

# # #.#
######## ...
.....^.. #.#
######## #.#
#.##.#
#.##.#######
#.##l.......
#.##@#
#.##.#
#.##!#
#.##.#
##.##.#
#.....#
##..####
#...# #..##


You could see an iguana.

Vanquished Creatures
  An adder (D:4)
  2 dart slugs
  3 bats (D:1)
  5 endoplasms
  5 giant cockroaches
  3 goblins (D:1)
  5 hobgoblins
  2 jackals (D:2)
  2 kobolds
  3 quokkas
  4 ball pythons
  4 frilled lizards (D:2)
  4 rats
43 creatures vanquished.

Notes
Turn   | Place    | Note
-------+----------+-------------------------------------------
     0 | D:1      | cforsyth the Gnoll Artificer began the quest for the Orb.
     0 | D:1      | Reached XP level 1. HP: 17/17 MP: 1/1
   184 | D:1      | Reached XP level 2. HP: 23/23 MP: 2/2
   579 | D:1      | Reached XP level 3. HP: 27/28 MP: 3/3
   791 | D:2      | You fall into a shaft and drop 2 floors!
   822 | D:4      | Reached skill level 1 in Invocations
   843 | D:3      | Noticed a bullfrog
   843 | D:3      | Noticed a wight
  1076 | D:2      | Reached skill level 1 in Short Blades
  1076 | D:2      | Reached skill level 1 in Long Blades
  1076 | D:2      | Reached skill level 1 in Axes
  1076 | D:2      | Reached skill level 1 in Maces & Flails
  1076 | D:2      | Reached skill level 1 in Polearms
  1076 | D:2      | Reached skill level 1 in Staves
  1076 | D:2      | Reached skill level 1 in Ranged Weapons
  1076 | D:2      | Reached skill level 1 in Throwing
  1076 | D:2      | Reached skill level 1 in Shields
  1076 | D:2      | Reached skill level 1 in Unarmed Combat
  1076 | D:2      | Reached skill level 1 in Spellcasting
  1337 | D:2      | Reached XP level 4. HP: 33/34 MP: 5/5
  1365 | D:2      | Reached skill level 1 in Shapeshifting
  1451 | D:2      | HP: 1/34 [iguana (9)]
  1452 | D:2      | Mangled by an iguana

Illustrated notes

Levels and vault maps discovered:
D:1:      dpeg_arrival_chambers_temple_mockup, layout_rooms,
          serial_corexii_hall, corexii_hall_statues_i, corexii_hall_statues_l,
          minmay_misc_feat_cross
D:2:      layout_loops_ring
D:3:      kb_forest_paths, layout_loops_ring, minmay_divided_ellipse
D:4:      layout_loops_corners, uniq_pikel, uniq_natasha

Skill      XL: |  1  2  3  4 |
---------------+-------------+-----
Invocations    | 1 |  1.1
Short Blades   | 1 |  1.0
Long Blades    | 1 |  1.0
Axes           | 1 |  1.0
Maces & Flails | 1 |  1.0
Polearms       | 1 |  1.0
Staves         | 1 |  1.0
Ranged Weapons | 1 |  1.0
Throwing       | 1 |  1.0
Shields        | 1 |  1.0
Unarmed Combat | 1 |  1.0
Spellcasting   | 1 |  1.0
Shapeshifting  | 1 |  1.0
Fighting       | |  2.7
Armour         | |  4.6
Dodging        | |  2.7
Stealth        | |  2.5
Conjurations   | |  0.8
Hexes          | |  0.8
Summonings     | |  0.8
Necromancy     | |  0.8
Translocations | |  0.8
Transmutations | |  0.8
Fire Magic     | |  0.8
Ice Magic      | |  0.8
Air Magic      | |  0.8
Earth Magic    | |  0.8
Poison Magic   | |  0.8
Evocations     | |  6.6

Action                     |  1- 3 |  4- 6 || total
---------------------------+-------+-------++-------
  Melee: Club              |   178 |    28 ||   206
         Bite              |    20 |     2 ||    22
         Punch             |     2 |     1 ||     3
  Evoke: Wand              |     2 |     3 ||     5
   Stab: Sleeping          |     6 |       ||     6
 Armour: Leather armour    |    48 |    10 ||    58
  Dodge: Dodged            |   138 |    35 ||   173

Table legend: (Time is in decaauts)
 A = Elapsed time spent in this place.
 B = Non-inter-level travel time spent in this place.
 C = Inter-level travel time spent in this place.
 D = Time resting spent in this place.
 E = Time spent auto-exploring this place.
 F = Levels seen in this place.
 G = Mean time per level.
                   A        B        C        D        E       F      G
               +--------+--------+--------+--------+--------+-----+--------+
         Total |   1505 |   1472 |     33 |     85 |    892 |   4 |  376.2 |
       Dungeon |   1505 |   1472 |     33 |     85 |    892 |   4 |  376.2 |
               +--------+--------+--------+--------+--------+-----+--------+

Top non-repeatable levels by time:
     D:1: 774 daAuts
     D:2: 485 daAuts
     D:4: 166 daAuts
     D:3: 79 daAuts
